 Dungeon Crawl Stone Soup version 0.30.0-17-ge0270778cf (webtiles) character file.

Game seed: 14643424692323464428

135 JanusIIV the Cudgeller (level 5, -2/49 HPs)
             Began as a Gargoyle Berserker on May 18, 2023.
             Was a Believer of Trog.
             Killed by nerve-wracking pain
             ... invoked by an orc priest
              (6 damage)
             ... on level 3 of the Dungeon on May 21, 2023.
             The game lasted 00:04:06 (1928 turns).

JanusIIV the Cudgeller (Gargoyle Berserker)         Turns: 1928, Time: 00:04:07

Health: -2/49      AC: 10    Str: 23    XL:     5   Next: 18%
Magic:  5/5        EV: 10    Int:  7    God:    Trog [**....]
Gold:   69         SH:  0    Dex:  9    Spells: 4/4 levels left

rFire   . . .        a - +0 mace
rCold   . . .        (no shield)
rNeg    + . .        m - +0 scale mail
rPois   ∞            (no helmet)
rElec   +            (no cloak)
rCorr   .            (no gloves)
SInv    .            (no boots)
Will    .....        (no amulet) Stlth
                     (no ring)
HPRegen 0.28/turn    (no ring)
MPRegen 0.09/turn

%: no passive effects
@: berserking, very quick
A: sickness immunity, AC +4, negative energy resistance 1, electricity
resistance, torment resistance 1, petrification resistance
a: Renounce Religion, Berserk, Trog's Hand


You were on level 3 of the Dungeon.
You worshipped Trog.
Trog was pleased with you.
You visited 1 branch of the dungeon, and saw 3 of its levels.

You collected 69 gold pieces.

Inventory:

Hand Weapons
 a - a +0 mace (weapon)
Armour
 m - a +0 scale mail (worn)
 n - a +0 cloak
Jewellery
 h - a ring of positive energy
Scrolls
 b - a scroll of amnesia {unknown}
 c - 2 scrolls of silence {unknown}
 i - 3 scrolls of identify {unknown}
 l - a scroll of immolation {unknown}
Potions
 d - a potion of haste {unknown}
 e - a potion of brilliance {unknown}
 f - 2 potions of mutation {unknown}
 g - a potion of heal wounds {unknown}
 j - 2 potions of curing {unknown}
 k - 2 potions of magic {unknown}
 o - 2 potions of ambrosia {unknown}


   Skills:
 + Level 4.3 Fighting
 + Level 5.1 Maces & Flails
 - Level 2.1 Armour
 - Level 1.5 Dodging


You had 4 spell levels left.
You didn't know any spells.
Your spell library was empty.

Dungeon Overview and Level Annotations

Branches:
Dungeon (3/15)

Altars:
Elyvilon

Shops:
D:1 (


Innate Abilities, Weirdness & Mutations

You are immune to sickness and miasma.
Your stone body is resilient. (AC +4)
You are immune to poison.
You resist negative energy. (rN+)
You are resistant to electric shocks. (rElec)
You are resistant to unholy torment.
You are immune to petrification.


Message History

There is a stone staircase leading up here.
There are monsters nearby!
You closely miss the orc priest. Your punch misses the orc priest.
You hit the orc priest.
The orc priest is lightly wounded.
The orc priest mumbles some strange prayers to Beogh against you.
Beogh smites you! The orc barely misses you.
You barely miss the orc priest.
The orc priest is lightly wounded.
The orc priest hits you with a +0 war axe.
The orc misses you.
You closely miss the orc priest.
The orc priest is lightly wounded.
The orc hits you with a +0 flail. The orc priest misses you.
You are too injured to fight recklessly!
You are too injured to fight recklessly!
The orc priest attacks as you move away!
The orc priest hits you but does no damage.
The orc priest calls down the wrath of Beogh upon you.
Beogh smites you!
* * * LOW HITPOINT WARNING * * *
You hear a shout!
A red film seems to cover your vision as you go berserk!
You feel yourself moving faster!
You feel mighty!
An orc comes into view. It is wielding a +0 mace.
The orc completely misses you.
You hit the orc.
The orc is heavily wounded.
The orc hits you with a +0 flail.
* * * LOW HITPOINT WARNING * * *
You thump the orc!
You kill the orc!
Trog accepts your kill.
An orc comes into view. It is wielding a +0 flail.
You closely miss the orc priest.
The orc shouts!
You completely miss the orc priest.
The orc priest invokes the aid of Beogh against you.
Pain shoots through your body!
You die...

#.. .# ..
.# .. ..
#. .#
#.#.#
######...#
#........#
#@# #o#
#.o.$.#
#.###.#
.o. ...
### ###


You could see an orc priest and 2 orcs.

Vanquished Creatures
  2 jellies (D:2)
  3 worms (D:2)
  A dart slug (D:2)
  An orc (D:3)
  11 endoplasms
  A giant cockroach (D:1)
  4 goblins
  3 hobgoblins
  7 jackals
  A quokka (D:1)
  4 ball pythons
  5 bats
  3 frilled lizards
  12 kobolds
  6 rats
64 creatures vanquished.

Notes
Turn   | Place    | Note
-------+----------+-------------------------------------------
     0 | D:1      | JanusIIV the Gargoyle Berserker began the quest for the
                  | Orb.
     0 | D:1      | Reached XP level 1. HP: 14/14 MP: 1/1
     0 | D:1      | Upgraded the game from 0.30.0-15-g856e2d3f33 to
                  | 0.30.0-17-ge0270778cf
   113 | D:1      | Reached XP level 2. HP: 12/19 MP: 2/2
   488 | D:1      | Reached XP level 3. HP: 24/24 MP: 3/3
   744 | D:1      | Found Irruod's Antique Weapon Boutique.
   800 | D:2      | Found a white marble altar of Elyvilon.
  1113 | D:2      | Reached ** piety under Trog
  1114 | D:2      | Reached skill level 4 in Maces & Flails
  1487 | D:2      | Reached XP level 4. HP: 26/29 MP: 4/4
  1622 | D:2      | Reached skill level 5 in Maces & Flails
  1622 | D:2      | Reached XP level 5. HP: 21/33 MP: 5/5
  1928 | D:3      | Killed from afar by an orc priest

Illustrated notes

Levels and vault maps discovered:
D:1:      ebering_trefoil_twist, layout_basic, serial_shops,
          nicolae_shop_rolling_square, minmay_crystal_room, amethyst_killhole
D:2:      cheibrodos_fertilizer, layout_basic, basic_altar
D:3:      layout_loops_ring, jmf_multi_god_temple, zin_academy,
          nicolae_ru_awakened_eye, uniq_ijyb, uniq_grinder

Skill      XL: |  1  2  3  4 |
---------------+-------------+-----
Maces & Flails | 4 5 |  5.1
Fighting       | 4 |  4.3
Armour         | |  2.1
Dodging        | |  1.5

Action                     |  1- 3 |  4- 6 || total
---------------------------+-------+-------++-------
  Melee: Mace              |   138 |    57 ||   195
 Invoke: Berserk           |     3 |     1 ||     4
 Armour: Animal skin       |    13 |       ||    13
         Ring mail         |    22 |       ||    22
         Scale mail        |    32 |    12 ||    44
  Dodge: Dodged            |   102 |    27 ||   129
